 Dungeon Crawl Stone Soup version 0.27.1-3-gb3d3a73c9e (webtiles) character file.

Game seed: 5591373561812360895

25 H0rd4k the Charlatan (level 3, 0/26 HPs)
             Began as a Human Artificer on Oct 11, 2021.
             Slain by Terence (5 damage)
             ... on level 2 of the Dungeon.
             The game lasted 00:01:06 (1506 turns).

H0rd4k the Charlatan (Human Artificer)              Turns: 1506, Time: 00:01:07

Health: 0/26       AC:  3    Str: 13    XL:     3   Next: 20%
Magic:  3/3        EV: 11    Int: 11    God:
Gold:   54         SH:  0    Dex: 13    Spells: 2/2 levels left

rFire    . . .     SeeInvis .   j - +0 dagger
rCold    . . .     Faith    .   (no shield)
rNeg     . . .     Spirit   .   b - +0 leather armour
rPois    .         Reflect  .   (no helmet)
rElec    .         Harm     .   (no cloak)
rCorr    .         Rampage  .   (no gloves)
Will     .....                  (no boots)
Stlth    +.........             (no amulet)
HPRegen  0.08/turn              (no ring)
MPRegen  0.08/turn              (no ring)

@: no status effects
A: no striking features
a: no special abilities


You were on level 2 of the Dungeon.
You visited 1 branch of the dungeon, and saw 2 of its levels.

You collected 54 gold pieces.

Inventory:

Hand Weapons
 j - a +0 dagger (weapon)
 m - a +1 hand axe of freezing
Armour
 b - a +0 leather armour (worn)
Wands
 c - a wand of flame (14) (quivered)
 d - a wand of charming (14)
Scrolls
 f - 2 scrolls of enchant weapon {unknown}
 i - 2 scrolls of magic mapping {unknown}
 k - 2 scrolls of identify {unknown}
 l - a scroll of teleportation {unknown}
Potions
 a - a potion of degeneration {unknown}
 g - a potion of haste {unknown}
 h - a potion of flight {unknown}
Miscellaneous
 e - a piece from Xom's chessboard (15/15)


   Skills:
 + Level 1.2 Fighting
 + Level 0.1 Short Blades
 - Level 2.0 Armour
 + Level 1.6 Dodging
 - Level 1.0 Stealth
 + Level 3.7 Evocations


You had 2 spell levels left.
You didn't know any spells.
Your spell library contained the following spells:

 Spells                   Type           Power      Damage    Failure   Level
 Magic Dart               Conj           0%         1d3       41%         1
 Searing Ray              Conj           0%         3d3       56%         2
 Fulminant Prism          Conj/Hex       0%         3d6       99%         4


Dungeon Overview and Level Annotations

Branches:
Dungeon (2/15)

Altars:

Annotations:
D:2 Terence


Message History

You see here a ball python corpse.
i - 2 scrolls labelled LEURAM MITWUTYMMI (gained 1)
You see here a +1 hand axe of freezing.
Found a stone staircase leading down.
You see here a +1 hand axe of freezing.
m - a +1 hand axe of freezing
Found 14 gold pieces.
You now have 54 gold pieces (gained 14).
There is a stone staircase leading down here.
Found 15 gold pieces.
Found 11 gold pieces.
Found a scroll labelled YQOCVE ASOT.
An endoplasm comes into view.
You see here 15 gold pieces.
An endoplasm is nearby!
Terence the Incautious comes into view.
He is wielding a +0 flail.
The endoplasm freezes you.
You are frozen.
You hit the endoplasm.
The endoplasm is severely wounded.
The endoplasm misses you.
You hit the endoplasm.
The endoplasm is severely wounded.
The endoplasm hits you.
You hit the endoplasm.
You kill the endoplasm!
Terence drinks a potion.
Terence goes berserk!
Terence rages.
You closely miss Terence. Terence hits you with a +0 flail.
You hit Terence.
Terence is lightly wounded.
Terence hits you with a +0 flail!
* * * LOW HITPOINT WARNING * * *
Terence barely misses you.
Terence is nearby!
Aiming: Charm
Press: ? - help, Shift-Dir - straight line, f - Terence
Aim: Terence, wielding a +0 flail and wearing a +0 scale mail (lightly wounded, berserk, chance to affect: 66%) Terence struggles to resist.
Terence hits you with a +0 flail.
You die...

######......#
#......#
#..$...#
###......#
#........##.
#..$........
#?.......###
#...........
#..@........
#..@........
#....#######
......#
.......#
........##
#########


You could see Terence (berserk).

Vanquished Creatures
  3 endoplasms
  2 goblins (D:1)
  2 hobgoblins
  2 jackals (D:2)
  A quokka (D:1)
  4 ball pythons
  4 bats (D:1)
  3 frilled lizards (D:1)
  3 rats (D:1)
24 creatures vanquished.

Notes
Turn   | Place    | Note
-------+----------+-------------------------------------------
     0 | D:1      | H0rd4k the Human Artificer began the quest for the Orb.
     0 | D:1      | Reached XP level 1. HP: 15/15 MP: 1/1
   148 | D:1      | Reached XP level 2. HP: 13/21 MP: 2/2
  1052 | D:1      | Found a faded altar of an unknown god.
  1287 | D:2      | Reached XP level 3. HP: 19/26 MP: 3/3
  1497 | D:2      | Noticed Terence
  1506 | D:2      | Slain by Terence

Illustrated notes

Levels and vault maps discovered:
D:1:      mrwooster_arrival_arrow, layout_rooms, basic_ecumenical_altar,
          corexii_corridor_pit, minmay_misc_feat_plants, minmay_cut_off
D:2:      layout_basic, uniq_terence

Action                   || total
-------------------------++-------
Melee: Club              ||    52
       Dagger            ||    50
Evoke: Wand              ||     2
 Stab: Sleeping          ||     1
Armor: Leather armour    ||    45
Dodge: Dodged            ||    90
